AoeStats
← low hand

Baltic

510539823Analyzed
4v4 RM · 1d ago on Oct 1, 2026· 48m 11s· 8 players
Game mode
Random Map
Map size
Large (8 player)
Population
200
Speed
Normal
Resources
Standard
Victory
Conquest
Starting age
Dark Age
Ending age
Imperial Age
RankedLock teamsTeams togetherTeam positionsShared explorationLock speedFull tech treeHidden civsTurbo modeCheats
Victory
Defeat
🇨🇳 Japanese · China
979
+13
🇨🇳 Portuguese · China
969
+13
🇨🇳 Italians · China
967
+13
🇨🇳 Burgundians · China
922
+15
🇮🇩 Varangians · Indonesia
976
-16
🇧🇷 Malay · Brazil
918
-14
🇨🇳 Persians · China
866
-12
🇺🇸 Ethiopians · United States
861
-12
ComeNgetMe17
4:38 Loom
10:15 Feudal Age
12:09 Double-Bit Axe
13:03 Wheelbarrow
19:22 Castle Age
17:16 Horse Collar
18:38 Stone Mining
21:09 Fletching
22:46 Medium Warships
24:40 Heavy Plow
25:19 Town Watch
25:51 Hand Cart
27:57 Gold Mining
33:37 Imperial Age
32:32 Gold Shaft Mining
32:52 Bow Saw
32:47 Scale Mail Armor
32:58 Forging
33:38 Elite Shotel Warrior
34:39 Conscription
35:36 Sanctity
38:01 Chemistry
37:59 Iron Casting
37:39 Chain Mail Armor
37:49 Royal Heirs
37:42 Arson
37:57 Squires
40:09 Two-Man Saw
39:54 Crossbowman
40:41 Thumb Ring
40:39 Padded Archer Armor
41:16 Halberdier
42:06 Capped Ram
45:47 Arbalester
Rearte7
3:36 Loom
17:06 Feudal Age
19:42 Fletching
19:53 Town Watch
20:44 Wheelbarrow
19:52 Horse Collar
20:00 Double-Bit Axe
28:50 Castle Age
28:39 Forging
29:33 Bodkin Arrow
29:46 Heated Shot
low hand
11:35 Feudal Age
11:54 Double-Bit Axe
13:17 Fishing Lines
17:40 Castle Age
16:29 Wheelbarrow
17:06 Stone Mining
18:18 Gillnets
19:30 Bow Saw
22:34 Medium Warships
22:24 Horse Collar
25:33 Ballistics
28:52 Clinker Construction
30:03 Heavy Plow
30:34 Gold Mining
31:29 Fletching
32:54 Hand Cart
33:56 Crossbowman
34:42 Kamandaran
35:16 Thumb Ring
41:04 Imperial Age
46:58 Chemistry
45:54 Murder Holes
ddmgsxis89228
13:55 Feudal Age
19:51 Castle Age
17:57 Fishing Lines
20:29 Double-Bit Axe
21:36 Bow Saw
24:20 Fletching
28:07 Medium Warships
29:13 Medium Warships
30:09 Gold Mining
31:29 Bodkin Arrow
32:02 Ballistics
37:47 Imperial Age
40:56 Wheelbarrow
43:56 Horse Collar
45:19 Two-Man Saw
46:23 Forging
46:14 Scale Mail Armor
45:44 Elite Varangian Guard
46:11 Gambesons
46:27 Squires
46:13 Arson
46:56 Heavy Plow
48:41 Iron Casting
1277765061
5:40 Double-Bit Axe
10:29 Feudal Age
11:21 Bow Saw
13:27 Horse Collar
18:05 Castle Age
18:00 Heavy Plow
19:03 Medium Warships
21:25 Fletching
23:36 Careening
32:08 Imperial Age
29:30 Fishing Lines
30:30 Clinker Construction
30:23 Bodkin Arrow
30:30 Padded Archer Armor
33:34 Two-Man Saw
33:07 Crop Rotation
33:32 Wheelbarrow
33:43 Wheelbarrow
32:53 Loom
33:41 Scale Barding Armor
33:47 Forging
34:18 Heavy Warships
34:51 Husbandry
34:12 Cavalier
35:19 Chain Barding Armor
35:35 Iron Casting
35:01 Bracer
36:06 Paladin
37:27 Plate Barding Armor
37:52 Blast Furnace
38:49 Capped Ram
39:52 Gillnets
45:19 Chemistry
44:30 Fortified Wall
44:33 Masonry
44:18 Murder Holes
44:04 Treadmill Crane
48:06 Burgundian Vineyards
嘿咻
6:18 Loom
11:35 Feudal Age
20:06 Castle Age
18:11 Double-Bit Axe
18:19 Horse Collar
25:02 Imperial Age
25:31 Bow Saw
26:34 Wheelbarrow
26:03 Heavy Plow
27:49 Gold Mining
27:50 Stone Mining
28:39 Circumnavigation
29:23 Town Watch
29:56 Elite Caravel
31:47 Clinker Construction
32:13 Careening
32:40 Hand Cart
33:49 Fletching
35:03 Chemistry
34:25 Ballistics
34:27 Dry Dock
34:32 Conscription
35:06 Bodkin Arrow
35:50 Elite Cannon Galleon
40:56 Two-Man Saw
40:53 Town Patrol
41:06 Medium Warships
40:37 Fishing Lines
41:59 Guilds
42:20 Coinage
41:50 Caravan
44:31 Scale Barding Armor
44:36 Forging
44:29 Bracer
44:30 Padded Archer Armor
46:03 Bloodlines
45:14 Cavalier
45:55 Husbandry
48:06 Banking
西门
10:54 Feudal Age
11:55 Fishing Lines
12:34 Double-Bit Axe
14:55 Horse Collar
18:42 Castle Age
17:20 Stone Mining
17:21 Gold Mining
21:05 Bow Saw
20:58 Heavy Plow
21:34 Medium Warships
22:49 Fletching
29:47 Imperial Age
29:54 Wheelbarrow
29:05 Town Watch
30:13 Ballistics
30:04 Masonry
31:32 Chemistry
31:24 Conscription
32:40 Masonry
33:21 Hand Cart
33:56 Gillnets
34:36 Thumb Ring
34:38 Padded Archer Armor
36:51 Architecture
37:52 Bodkin Arrow
38:12 Leather Archer Armor
39:14 Fortified Wall
38:28 Onager
40:58 Stone Shaft Mining
42:30 Pirotechnia
44:18 Town Patrol
43:43 Elite Genoese Crossbowman
44:28 Squires
水水火火
10:53 Feudal Age
13:13 Double-Bit Axe
14:21 Loom
22:57 Castle Age
21:11 Horse Collar
21:11 Man-at-Arms
23:12 Stone Mining
23:32 Fishing Lines
24:54 Squires
26:46 Gillnets
29:59 Scale Mail Armor
30:10 Forging
35:42 Imperial Age
32:58 Town Watch
33:49 Wheelbarrow
33:27 Bow Saw
35:06 Chain Mail Armor
35:26 Iron Casting
34:43 Fletching
38:26 Conscription
39:56 Chemistry
41:25 Blast Furnace
40:56 Plate Mail Armor
40:30 Padded Archer Armor
40:55 Arson
41:44 Elite Samurai
42:39 Bodkin Arrow
46:34 Gambesons
Connection lost

Rejoining the realm…

Still unreachable

The connection could not be restored.

Session expired

The server has moved on; the page needs a fresh start.